 Dungeon Crawl Stone Soup version 0.24.0-123-gd5b16e6ec5 (webtiles) character file.

Game seed: 4388582302928886650, levelgen mode: deterministic

2002 Curus the Cruncher (level 9, -5/48 HPs)
             Began as a Gargoyle Gladiator on Dec 27, 2019.
             Was an Initiate of Trog.
             Slain by a two-headed ogre
             ... wielding a +0 giant spiked club
              (15 damage)
             ... on level 10 of the Dungeon.
             The game lasted 00:37:35 (5622 turns).

Curus the Cruncher (Gargoyle Gladiator)             Turns: 5622, Time: 00:37:35

Health: -5/48      AC: 20    Str: 18      XL:     9   Next: 22%
Magic:  4/9        EV: 10    Int:  9      God:    Trog [......]
Gold:   394        SH:  5    Dex: 18 (19) Spells: 8/8 levels left

rFire    . . .     SeeInvis .   a - +1 quarterstaff
rCold    . . .     Gourm    .   (shield currently unavailable)
rNeg     + . .     Faith    .   s - +0 chain mail
rPois    ∞         Spirit   .   n - +2 helmet
rElec    +         Reflect  +   q - +1 cloak
rCorr    .         Harm     .   (no gloves)
MR       .....                  z - +0 pair of boots
Stlth    ..........             m - +5 amulet of reflection
HPRegen  0.16/turn              r - +2 ring of evasion
MPRegen  0.11/turn              E - +5 ring of dexterity

@: no status effects
A: negative energy resistance 1, electricity resistance, unbreathing,
petrification resistance, rot immunity, AC +6
a: Renounce Religion


You were on level 10 of the Dungeon.
You worshipped Trog.
Trog was noncommittal.
You were not hungry.

You visited 2 branches of the dungeon, and saw 9 of its levels.
You also visited: Sewer.

You collected 443 gold pieces.
You spent 49 gold pieces at shops.

Inventory:

Hand Weapons
 a - a +1 quarterstaff (weapon)
Missiles
 d - 3 throwing nets (quivered)
Armour
 b - a +0 leather armour
 c - a +0 helmet
 e - a +0 scale mail
 h - a +0 ring mail
 n - a +2 helmet (worn)
 q - a +1 cloak (worn)
 s - a +0 chain mail (worn)
 z - a +0 pair of boots (worn)
Jewellery
 m - a +5 amulet of reflection (around neck)
 r - a +2 ring of evasion (left hand)
 v - an uncursed ring of protection from fire
 x - an uncursed ring of fire
 B - a cursed ring of teleportation
 C - an uncursed ring of stealth
 D - an uncursed ring of protection from magic
 E - a +5 ring of dexterity (right hand)
Wands
 o - a wand of iceblast (11)
 y - a wand of acid (5)
Scrolls
 g - a scroll of remove curse
 j - 10 scrolls of identify
 l - a scroll of magic mapping
 u - 3 scrolls of teleportation
Potions
 i - 2 potions of agility
 k - 2 potions of ambrosia
 p - 2 potions of curing
 t - a potion of resistance
 w - a potion of flight
 A - a potion of brilliance
Comestibles
 f - 7 rations


   Skills:
 - Level 2.1 Fighting
 + Level 11.9 Staves
 - Level 1.7 Throwing
 - Level 2.4 Dodging


You had 8 spell levels left.
You didn't know any spells.
Your spell library contained the following spells:

 Spells                   Type           Power        Failure   Level  Hunger
 Bolt of Magma            Conj/Fire/Erth #.........   100%        5    ######.
 Iskenderun's Battlesphe  Conj/Chrm      #.......     100%        5    ######.
 Venom Bolt               Conj/Pois      #.........   100%        5    ######.
 Iron Shot                Conj/Erth      #.........   100%        6    #######
 Orb of Destruction       Conj           #.........   100%        7    #######
 Spellforged Servitor     Conj/Summ      #.........   100%        7    #######


Dungeon Overview and Level Annotations

Branches:
Dungeon (7/15)             Temple (1/1) D:6           Sewer (visited)

Altars:
Cheibriados
Elyvilon
Fedhas
Gozag
Hepliaklqana
Kikubaaqudgha
Qazlal
Trog
Uskayaw
Vehumet
Yredelemnul

Shops:
D:5 =


Innate Abilities, Weirdness & Mutations

You are resistant to torment.
Your stone body is resilient. (AC +6)
You are immune to poison.
You resist negative energy. (rN+)
You are resistant to electric shocks. (rElec)
You can survive without breathing.
You are immune to petrification.
You are immune to rotting.


Message History

Aim: a two-headed ogre, wielding a +0 giant spiked club and a +0 giant club (moderately wounded)
The mass of ice explodes!
The iceblast engulfs the two-headed ogre!
The two-headed ogre is heavily wounded.
The iceblast engulfs the orc!
You kill the orc!
Trog accepts your kill.
The iceblast engulfs the worker ant!
The worker ant is almost dead.
The iceblast engulfs the jackal!!
You kill the jackal!
Trog accepts your kill.
The iceblast engulfs the orc!
You kill the orc!
Trog accepts your kill.
You hear a bark! x2
You hit the two-headed ogre.
The two-headed ogre is heavily wounded.
The two-headed ogre hits you with a +0 giant spiked club!
You die...

#.## .... ...# #..#
#..# #o)#####
#a[....## ###O###...#
##### ##.#@....# .
##...####.......##
##.....##.#)#.#.##
#>.............## #
#.........###.#.#
...#.#......#.#.##..#
........#....... #.#
#.##..#.#..###### #.#
........... .#


You could see a two-headed ogre, an orc warrior and a worker ant.

Vanquished Creatures
  Edmund (D:5)
  A water moccasin (D:6)
  A black bear (D:4)
  A sky beast (D:6)
  A phantom (D:6)
  An eye of draining (D:10)
  2 centaurs
  A crocodile (Sewer)
  2 bullfrogs (D:6)
  A howler monkey (D:4)
  A bullfrog zombie (D:6)
  A crimson imp (D:6)
  2 hounds
  A quasit (D:10)
  A jelly (D:6)
  8 orc priests
  5 orc wizards
  Ijyb (D:3)
  An iguana (D:6)
  A worker ant (D:4)
  A statue (D:6)
  2 hound skeletons (D:6)
  A worker ant zombie (D:6)
  Robin (D:3)
  4 gnolls (D:5)
  9 adders
  3 oozes (D:2)
  An adder zombie (D:6)
  An adder skeleton (D:6)
  4 worms
  4 dart slugs
  8 leopard geckos
  28 orcs
  2 ball pythons
  7 giant cockroaches
  8 goblins
  6 hobgoblins
  9 jackals
  3 quokkas
  14 bats
  7 frilled lizards
  18 kobolds
  A quokka zombie (D:6)
  10 rats
  A bush (D:6)
187 creatures vanquished.

Notes
Turn   | Place    | Note
-------+----------+-------------------------------------------
     0 | D:1      | Curus the Gargoyle Gladiator began the quest for the Orb.
     0 | D:1      | Reached XP level 1. HP: 12/12 MP: 1/1
    73 | D:1      | Reached XP level 2. HP: 15/17 MP: 2/2
   279 | D:1      | Reached skill level 4 in Staves
   498 | D:1      | Reached XP level 3. HP: 17/21 MP: 3/3
   883 | D:2      | Noticed a +0 hand axe
   884 | D:2      | Noticed a +0 dagger
   888 | D:2      | Found a hide-covered altar of Uskayaw.
   939 | D:2      | Reached XP level 4. HP: 26/26 MP: 4/4
   958 | D:2      | Reached skill level 5 in Staves
  1797 | D:3      | Reached XP level 5. HP: 30/30 MP: 5/5
  2058 | D:3      | Noticed Robin
  2071 | D:3      | Killed Robin
  2071 | D:3      | Reached skill level 6 in Staves
  2385 | D:3      | Noticed Ijyb
  2393 | D:3      | Killed Ijyb
  2622 | D:4      | Reached XP level 6. HP: 35/35 MP: 6/6
  2768 | D:4      | Found a blossoming altar of Fedhas.
  2768 | D:4      | Found a white marble altar of Elyvilon.
  2858 | D:4      | Noticed a black bear
  2870 | D:4      | Killed a black bear
  2870 | D:4      | Reached skill level 7 in Staves
  2928 | D:4      | Reached XP level 7. HP: 21/40 MP: 7/7
  3270 | D:5      | Entered Level 5 of the Dungeon
  3283 | D:5      | Reached skill level 8 in Staves
  3510 | D:5      | Found a glowing drain.
  3556 | Sewer    | Entered a sewer
  3710 | D:5      | Noticed Edmund
  3718 | D:5      | Killed Edmund
  3718 | D:5      | Reached skill level 9 in Staves
  3718 | D:5      | Reached XP level 8. HP: 41/44 MP: 8/8
  3730 | D:5      | Found Seeschil's Jewellery Boutique.
  3751 | D:5      | Bought a cursed ring of teleportation for 49 gold pieces
  4415 | D:6      | Reached skill level 10 in Staves
  4680 | D:6      | Found a radiant altar of Vehumet.
  4843 | D:6      | Reached skill level 11 in Staves
  4969 | D:6      | Reached XP level 9. HP: 41/48 MP: 9/9
  5129 | D:6      | Found a hazy altar of Hepliaklqana.
  5258 | D:6      | Found a staircase to the Ecumenical Temple.
  5278 | Temple   | Entered the Ecumenical Temple
  5358 | Temple   | Became a worshipper of Trog the Wrathful
  5572 | D:7      | You fall into a shaft and drop 3 floors!
  5572 | D:10     | Entered Level 10 of the Dungeon
  5608 | D:10     | Noticed a two-headed ogre
  5622 | D:10     | Slain by a two-headed ogre

Levels and vault maps discovered:
D:1:      onia_arrival_larder, layout_basic, serial_park_tiny_1,
          minmay_pentomino_x4
D:2:      minmay_recursive_quarters, layout_basic, dancing_weapons_uskayaw
D:3:      layout_loops_ring, st_stairs_14, uniq_robin, uniq_ijyb
D:4:      layout_loops_cross, nicolae_overflow_hidden_temple, first_ration
D:5:      layout_loops_ring, serial_shops, shop_coins,
          cheibrodos_sewer_entry_sluice, uniq_edmund
D:6:      layout_loops_ring, kennysheep_little_box, vehumet_statue,
          minmay_temple_entry_poolview, minmay_misc_feat_five,
          kb_lookout_dungeons_type
D:7:      layout_rooms, grunt_temple_overflow_order_and_chaos_1,
          okawaru_gym_becter, uniq_pikel
D:10:     layout_loops_ring
Temple:   nicolae_temple_figure_eight

Skill      XL: |  1  2  3  4  5  6  7  8 |
---------------+-------------------------+-----
Staves         | 4 5 6 7 9 11 | 11.9
Fighting       | |  2.1
Throwing       | |  1.7
Dodging        | |  2.4

Action                   |  1- 3 |  4- 6 |  7- 9 || total
-------------------------+-------+-------+-------++-------
Melee: Quarterstaff      |   142 |   249 |   363 ||   754
Evoke: Wand              |       |       |     2 ||     2
  Use: Potion            |     4 |     4 |     3 ||    11
       Scroll            |     5 |     3 |     3 ||    11
 Stab: Distracted        |       |     1 |       ||     1
  Eat: Chunk             |       |     7 |     7 ||    14
       Ration            |       |       |     1 ||     1
Armor: Leather armour    |     6 |       |       ||     6
       Ring mail         |    35 |       |       ||    35
       Scale mail        |    18 |    97 |       ||   115
       Chain mail        |       |    32 |   146 ||   178
Dodge: Dodged            |    81 |   145 |   111 ||   337
Block: Other             |       |    51 |    75 ||   126
       Reflection        |       |     2 |     9 ||    11
